[Event "98th Argentine Championship 2023"]
[Site "Buenos Aires"]
[Date "2023.11.04"]
[Round "7.1"]
[White "Peralta, Fernando"]
[Black "Villca, Julian"]
[Result "1-0"]
[ECO "D35"]
[WhiteElo "2580"]
[BlackElo "2383"]
[Annotator "TA"]
[PlyCount "129"]
[EventDate "2023.10.27"]
[EventType "tourn"]
[EventCountry "ARG"]
[SourceTitle "playchess.com"]
[Source "ChessBase"]
[SourceQuality "1"]
[TimeControl "40/5400+30:1800+30"]

1. d4 d5 2. c4 e6 3. Nc3 Nf6 4. cxd5 exd5 5. Bg5 Be7 6. e3 O-O 7. Bd3 c6 8. Nge2 Nbd7 {[%emt 0:03:26] 8...Re8 injects fresh life into this line.} 9. O-O Ne4 {[%emt 0:11:43][%mdl 64] [#] Discovered Attack} 10. Bf4 {[%emt 0:12:43] D35: Queen's Gambit Declined: Exchange Variation.} Ndf6 {[%emt 0:00:48] [#]} 11. Nxe4 $146 ({Predecessor:} 11. Qc2 Nd6 12. h3 g6 13. Ng3 Nfe8 14. Rad1 Ng7 15. Bh6 Bg5 16. Bxg5 Qxg5 17. e4 dxe4 18. Ncxe4 Nxe4 19. Nxe4 {1-0 Medancic,R (2135)-Stubljar,A (2025) Hum na Sutli op 14th 2022 (6)}) 11... dxe4 12. Bc4 {[%emt 0:01:30] The position is equal.} Nd5 13. Bxd5 cxd5 14. Qb3 b6 15. Rfc1 Ba6 16. Nc3 Bc4 17. Qa4 b5 18. Nxb5 {[%emt 0:02:40] White is more active.} Qd7 19. Nc3 Qxa4 20. Nxa4 Rfc8 {[%emt 0:00:43] [#]} 21. Nc5 $1 g5 22. Bg3 a5 23. b3 Bxc5 24. dxc5 (24. bxc4 $6 Ba3 25. c5 Bxc1 26. Rxc1 f6 $11) 24... Bb5 25. h4 h6 26. Be5 Rc6 27. hxg5 hxg5 28. Bd6 Kg7 29. Rd1 Bd3 30. f3 f6 31. Kf2 Rh8 32. Rh1 Rxh1 33. Rxh1 $16 {[%emt 0:00:04][%mdl 4096] Endgame KRB-KRB} Rc8 34. Rc1 Bb5 35. f4 Kg6 36. fxg5 fxg5 (36... Kxg5 $16 {keeps fighting.} 37. a4 Bc6) 37. Ke1 $18 d4 38. a4 (38. exd4 $18 {d5 would be deadly.} e3 39. Rc3) 38... Ba6 (38... Bc6 $16 39. exd4 e3) 39. exd4 e3 40. Rc3 e2 41. Kd2 Kf5 $2 (41... Rh8 42. Bg3 Rd8) 42. Re3 Rh8 43. Bg3 Rd8 44. Kc3 Rh8 $2 (44... Rc8 45. Re5+ Kf6) 45. c6 Rh1 46. c7 (46. d5 $142) 46... Kg4 $2 (46... Rc1+ 47. Kb2 e1=Q 48. Bxe1 Rxc7 49. Bxa5 Rf7) 47. d5 Rd1 48. d6 Rd5 49. Kc2 Rd4 50. Be1 $2 (50. Bh2 Kh4 51. Rxe2) 50... Rxd6 51. Bxa5 {[%emt 0:00:20] Black must now prevent b4.} Rd5 $2 (51... Rc6+ 52. Kb2 Kf4) 52. Bb4 $2 (52. b4 Rd4 53. b5) 52... Rd7 53. Ba5 (53. Re4+ Kf5 54. Rc4) 53... Rd5 $1 54. Be1 (54. b4 $142 Rf5 55. Rxe2) 54... Rd7 55. Re4+ Kf5 56. Rc4 {[%emt 0:01:13][%mdl 64] Decoy, Promotion} Rd1 $2 (56... Bc8 {might work better.} 57. Rc5+ Kf6 58. Bc3+ Ke6 59. Rxg5 Re7) 57. g4+ Ke6 58. c8=Q+ (58. c8=B+ Bxc8 59. Re4+ Kd5 60. Rxe2 Rd4 $16) (58. Rc6+ $142 Kd7 59. Rxa6 Rxe1 60. Kd2 {[%mdl 64] Deflection}) 58... Bxc8 59. Rxc8 {[%emt 0:00:27] KRB-KR} ({Resist} 59. Re4+ $6 Kd5 60. Rxe2 Rd4 $16) 59... Kd7 {[%emt 0:00:16] Against Re8} (59... Rxe1 60. Re8+ Kd5) 60. Rc5 Rxe1 61. Kd2 (61. Rxg5 Rc1+ 62. Kxc1 e1=Q+ 63. Kc2 Qe2+ 64. Kb1 Qd1+ 65. Kb2 Qd2+ 66. Kb1 Qxg5 67. a5 Qxg4 68. Kb2 Kc6 69. a6 Qd4+ 70. Kc2 Kd5 71. Kb1 Qf2 72. a7 Qxa7 73. Kc2 Qd4 74. Kb1 Qd2 75. b4 Kc4 76. b5 Kc3 77. b6 Qb2#) 61... Rg1 62. Kxe2 (62. Rxg5 {is a self mate.} e1=Q+ 63. Kd3 Rg3+ 64. Kc4 Qc1+ 65. Kb4 Qxg5 66. Ka3 Qc5+ 67. Kb2 Rg2+ 68. Kb1 Qg1#) 62... Rxg4 63. Kd3 Rg1 $2 (63... Kd6 64. Rf5 Rg1) 64. Kc4 Kd6 65. Kb5 {[%emt 0:01:15] Weighted Error Value: White=0.31/Black=0.30} 1-0

[Event "98th Argentine Championship 2023"]
[Site "Buenos Aires"]
[Date "2023.11.04"]
[Round "7.3"]
[White "Krysa, Leandro"]
[Black "Tokman, Ariel"]
[Result "1-0"]
[ECO "D38"]
[WhiteElo "2546"]
[BlackElo "2306"]
[Annotator "TA"]
[PlyCount "63"]
[EventDate "2023.10.27"]
[EventType "tourn"]
[EventCountry "ARG"]
[SourceTitle "playchess.com"]
[Source "ChessBase"]
[SourceQuality "1"]
[TimeControl "40/5400+30:1800+30"]

1. d4 d5 2. c4 e6 3. Nf3 Nf6 4. Nc3 Bb4 5. cxd5 exd5 6. Bg5 Qd6 7. Nd2 (7. e3 {is interesting.} Ne4 8. Bf4 Qe7 9. Qb3) 7... c6 {[%emt 0:06:26] D38: Queen's Gambit Declined: Ragozin Defence (4 Nf3 Bb4).} 8. e3 Nbd7 9. Bd3 O-O {[%emt 0:00:48] White is slightly better.} 10. O-O {[%emt 0:02:46] [#]} h6 $146 ({Predecessor:} 10... Re8 11. h3 Nf8 12. Bf4 Qe7 13. Qc2 Ng6 14. Bh2 Bd6 15. Rae1 Bd7 16. f4 c5 {1-0 Girya,O (2465)-Zhai,M (2304) CHN-RUS Summit (Women) blitz 11th 2018 (1.5)}) 11. Bh4 Nb6 (11... Qc7 $14) 12. a3 $16 Bxc3 13. bxc3 ({Much less strong is} 13. Bg3 Qe7 14. bxc3 Bg4 $14) 13... Re8 14. a4 Ne4 15. Bxe4 dxe4 16. a5 Nd5 17. c4 {[%emt 0:04:52] Strongly threatening Bg3.} Nb4 {[%emt 0:14:08] [#]} ({Black should play} 17... Nc3 $14 18. Qc2 Ne2+ 19. Kh1 Qg6) 18. Qb1 $1 $36 {[%emt 0:05:03][%mdl 2048] aiming for c5. Keeping Black busy.} Nd3 {[%emt 0:01:16] [#]} 19. Nxe4 $1 Rxe4 20. Bg3 (20. Qxd3 $2 {too greedy.} Rxh4 21. f4 Bg4 $19) 20... Qe7 21. Qxd3 h5 {[%emt 0:01:10] Black is weak on the dark squares} 22. h3 Re6 (22... Bf5 $16 23. Qb3 Re8) 23. d5 Rg6 24. h4 Qc5 25. Kh2 b5 (25... f5 {might work better.} 26. Bf4 Rf6) 26. cxb5 Qxb5 27. Qxb5 cxb5 28. e4 Bd7 29. Rfc1 {[%emt 0:01:56] And now Rc7 would win.} Ra6 30. Rc7 Rd8 31. f3 f6 32. Bf2 {[%emt 0:00:48] Weighted Error Value: White=0.09 (flawless) /Black=0.34} 1-0

[Event "98th Argentine Championship 2023"]
[Site "Buenos Aires"]
[Date "2023.11.05"]
[Round "8.1"]
[White "Tristan, Leonardo"]
[Black "Peralta, Fernando"]
[Result "1-0"]
[ECO "D02"]
[WhiteElo "2523"]
[BlackElo "2580"]
[Annotator "TA"]
[PlyCount "55"]
[EventDate "2023.10.27"]
[EventType "tourn"]
[EventCountry "ARG"]
[SourceTitle "playchess.com"]
[Source "ChessBase"]
[SourceQuality "1"]
[TimeControl "40/5400+30:1800+30"]

1. d4 Nf6 2. Nf3 e6 3. Bf4 d5 4. e3 c5 5. c3 Nc6 6. Nbd2 Nh5 {[%emt 0:00:26] 6...Be7 is a critical line.} 7. Bg5 {[%emt 0:00:07] D02: 1 d4 d5 2 Nf3 sidelines, including 2...Nf6 3 g3 and 2...Nf6 3 Bf4.} f6 {[%emt 1:31:49] [#]} 8. Ne5 $1 {[%mdl 64] Discovered Attack} g6 {[%emt 0:00:00][%cal Oc6e5] White must now prevent ...Nxe5!} 9. g4 {[%emt 0:00:08] The position is equal.} Ng7 {[%emt 0:00:00][%cal Oc6e5] Strongly threatening ...Nxe5!} 10. Nxc6 bxc6 {[%emt 0:00:00] [#]} 11. Bh6 $5 $146 {[%emt 0:00:02][%mdl 8] White puts up resistance An interesting novelty.} ({Predecessor:} 11. Bf4 cxd4 12. exd4 Bd6 13. Qf3 O-O 14. Bxd6 Qxd6 15. O-O-O e5 16. Qg3 Qb8 17. f3 {½-½ McQuillan,S (1936)-Rutherford,W (1959) Ayr op 2018 (3)}) 11... Qb6 12. Qc2 (12. dxc5 {is more complex.} Qxb2 13. c4 f5 14. Rb1) 12... e5 13. dxe5 fxe5 14. Bd3 e4 {[%emt 0:00:00] [#]} (14... Ne6 $11 15. Bxf8 Nxf8) 15. Nxe4 ({Only move:} 15. Bxe4 $1 $16 dxe4 16. Qxe4+ (16. Nc4 Qc7 $11) 16... Ne6 17. Nc4) 15... dxe4 (15... Ne6 $11 16. Bxf8 (16. Nf6+ Kf7 $11) 16... Rxf8) 16. Bc4 $18 Ne6 $2 {[%emt 0:00:00] [#]} (16... Bxg4 $2 17. Qxe4+ Be7 18. Bxg7 $18 (18. Qxg4 Nf5 $18)) (16... Be6 {was worth a try.}) 17. Qxe4 $1 Kf7 (17... Qxb2 18. O-O) 18. Qf4+ Ke8 19. Qe5 Kf7 20. Bxe6+ Bxe6 21. Qxh8 Bxh6 22. Qxa8 {[%emt 0:00:59] 0-0-0 is the strong threat.} Qa6 (22... Bxg4 $142 23. O-O Bf8) 23. O-O-O Qxa2 24. Qb7+ Kg8 25. Rd8+ Bf8 26. Qe7 {[%emt 0:00:20][%csl Ge7][%cal Rd8f8] White mates.} Qa1+ 27. Kc2 Qa4+ 28. Kd2 {[%emt 0:00:06] An entertaining game by Tristan.   Weighted Error Value: White=0.58/Black=1.14} 1-0

[Event "98th Argentine Championship 2023"]
[Site "Buenos Aires"]
[Date "2023.11.05"]
[Round "8.5"]
[White "Silva, Luca"]
[Black "Krysa, Leandro"]
[Result "0-1"]
[ECO "D24"]
[WhiteElo "2287"]
[BlackElo "2546"]
[Annotator "TA"]
[PlyCount "72"]
[EventDate "2023.10.27"]
[EventType "tourn"]
[EventCountry "ARG"]
[SourceTitle "playchess.com"]
[Source "ChessBase"]
[SourceQuality "1"]
[TimeControl "40/5400+30:1800+30"]

1. d4 Nf6 2. c4 e6 3. Nf3 d5 4. Nc3 dxc4 5. e4 b5 {[%emt 0:00:34][%mdl 64] [#] Deflection} 6. Nxb5 {[%emt 0:00:34] White wants to play Qa4. D24: Queen's Gambit Accepted: 3 Nf3 Nf6 4 Nc3.} (6. e5 $5 Nd5 7. Nxb5 $14) 6... Nxe4 7. Qa4 {[%emt 0:00:14] Prevents Bb4+.} c6 8. Nc3 {[%emt 0:00:07] The position is equal.} (8. Nxa7 $2 {loses.} Bb7 9. Bxc4 Qb6 $19) 8... Nxc3 9. bxc3 Ba6 10. Bxc4 Bxc4 11. Qxc4 {[%emt 0:00:04] [#]} Qc7 $146 ({Predecessor:} 11... Bd6 12. O-O O-O 13. Rb1 Qc7 14. Qd3 Nd7 15. c4 c5 16. d5 exd5 17. Qxd5 Nb6 {½-½ Carlsen,M (2847)-Nepomniachtchi,I (2789) Carlsen Inv KO rapid 2021 (2.11)}) 12. Ne5 Bd6 13. Bf4 O-O 14. O-O c5 15. Rad1 Nc6 16. Rfe1 (16. dxc5 $2 {perishes.} Nxe5 17. Bxe5 Bxe5 $19) 16... Rac8 17. g3 cxd4 18. Qxc6 Bxe5 19. Qxc7 Bxc7 20. Bxc7 Rxc7 21. cxd4 $11 {[%emt 0:00:14][%mdl 4096] Endgame KRR-KRR} Rd8 22. Re5 Kf8 23. Ra5 Rd6 24. Rd3 a6 25. Kg2 Ke7 26. Kf3 Kf6 27. Ke3 g5 28. h4 h6 29. hxg5+ hxg5 30. d5 Rcd7 31. Ke4 Kg6 32. g4 Rb7 33. f3 Rb2 34. Rda3 exd5+ 35. Rxd5 $2 {[%emt 0:01:16][%mdl 8192] [#]} (35. Ke5 $11 Rbb6 36. Kd4) 35... Rb4+ $19 36. Ke5 Re6# {[%emt 0:02:55] Weighted Error Value: White=0.50/Black=0.04 (flawless)} 0-1

[Event "98th Argentine Championship 2023"]
[Site "Buenos Aires"]
[Date "2023.11.06"]
[Round "9.1"]
[White "Peralta, Fernando"]
[Black "Acosta, Pablo Ismael"]
[Result "1/2-1/2"]
[ECO "D36"]
[WhiteElo "2580"]
[BlackElo "2482"]
[Annotator "TA"]
[PlyCount "134"]
[EventDate "2023.10.27"]
[EventType "tourn"]
[EventCountry "ARG"]
[SourceTitle "playchess.com"]
[Source "ChessBase"]
[SourceQuality "1"]
[TimeControl "40/5400+30:1800+30"]

1. d4 d5 2. c4 e6 3. Nc3 Nf6 4. cxd5 exd5 5. Bg5 c6 6. Qc2 Be7 7. e3 Nbd7 8. Bd3 h6 9. Bh4 Nh5 10. Bxe7 Qxe7 11. Nge2 Nb6 12. O-O {[%emt 0:00:20] 12.0-0-0 is the modern continuation. D36: Queen's Gambit Declined: Exchange Variation: Main line (5 Bg5 c6 6 Qc2).} O-O 13. Rae1 f5 {[%emt 0:12:27] [#]} 14. Nb1 $146 {[%emt 0:06:32][%cal Bc3b1,Bb1d2,Bd2f3,Bf3h4][%mdl 32] White is slightly better.} ({Predecessor:} 14. Nf4 Nxf4 15. exf4 Qf6 16. Re5 Be6 17. Rfe1 Rae8 18. Na4 Nd7 19. R5e3 g6 20. Nc5 Nxc5 21. Qxc5 {1-0 Maiti,M (2068)-Mohota,N (2195) Titled Tuesday intern op 7th July blitz 2020 (9)}) 14... Qf6 15. Nd2 f4 16. exf4 Nxf4 17. Nxf4 Qxf4 18. Bh7+ (18. Nf3 {simplifies} Bf5 19. b3 Bxd3 20. Qxd3 Qf5 21. Qc3) 18... Kh8 19. Nf3 Bf5 (19... Nc4 $11) 20. Bxf5 $16 Qxf5 21. Qxf5 Rxf5 {[%emt 0:00:08] [#]} 22. Re7 $1 Rb8 23. Nh4 Rf6 24. b3 {[%emt 0:00:39] Prevents Nc4} Kg8 25. Rfe1 Rf7 26. Ng6 {[%emt 0:03:21] White is more active.} Nd7 27. Rxf7 (27. h4 $16) 27... Kxf7 $11 28. Re7+ Kxg6 29. Rxd7 {[%emt 0:00:02][%mdl 4096] Endgame KR-KR} Re8 (29... h5 $11 {remains equal.}) 30. Kf1 $16 Re4 31. Rxb7 Rxd4 32. Ke2 Re4+ 33. Kd3 Rf4 34. f3 Rf7 {[%emt 0:01:21] [#]} 35. Rb8 Rc7 {[%emt 0:04:14] Prevents Rc8.} 36. Rd8 (36. Kd4 $16) 36... Kf7 $11 37. Kd4 Re7 (37... Ke7 $1 $11 38. Ra8 Rb7) 38. Ra8 (38. Rc8 $16) 38... Re2 $1 39. Rxa7+ Kf6 40. g3 Rxh2 {[%emt 0:00:00] The position is equal.} 41. a4 Rd2+ $1 42. Ke3 Rb2 43. Rb7 Ke5 44. a5 {[%emt 0:02:20] f4+ would be deadly.} Ra2 45. Rxg7 {[%emt 0:05:22] And now f4+ would win.} Rxa5 46. f4+ Kf6 47. Rh7 Kg6 48. Rc7 Ra6 49. g4 {[%emt 0:09:39] Strongly threatening f5+.} Rb6 50. b4 Kf6 51. Kf3 Rxb4 52. Rxc6+ Kg7 53. f5 Rd4 54. Rg6+ Kh7 55. Rd6 Kg7 56. Rd7+ Kg8 57. Rd8+ Kg7 58. Rd7+ (58. Rd6 Rd3+ 59. Kf4 Rd4+ 60. Kg3 Rd3+ 61. Kf4 Rd4+ 62. Kg3 Rd3+ 63. Kh4 Rd1) 58... Kg8 59. Kg3 {[%emt 0:01:06] Kh4 is the strong threat.} Rd1 60. Kf4 Rd4+ 61. Ke5 Rxg4 62. Kf6 d4 63. Rd8+ Kh7 64. Rd7+ Kg8 65. Rd8+ Kh7 66. Rd7+ Kg8 67. Ke6 {[%emt 0:00:16] aiming for Rd8+.} Re4+ {[%emt 0:00:25] Weighted Error Value: White=0.10 (very precise) /Black=0.09 (flawless)} 1/2-1/2

[Event "98th Argentine Championship 2023"]
[Site "Buenos Aires"]
[Date "2023.11.06"]
[Round "9.3"]
[White "Krysa, Leandro"]
[Black "Villca, Julian"]
[Result "1/2-1/2"]
[ECO "E06"]
[WhiteElo "2546"]
[BlackElo "2383"]
[Annotator "TA"]
[PlyCount "92"]
[EventDate "2023.10.27"]
[EventType "tourn"]
[EventCountry "ARG"]
[SourceTitle "playchess.com"]
[Source "ChessBase"]
[SourceQuality "1"]
[TimeControl "40/5400+30:1800+30"]

1. d4 d5 2. c4 e6 3. Nf3 Nf6 4. g3 c6 5. Bg2 Be7 6. O-O O-O 7. Nc3 a5 {[%emt 0:00:12] E06: Closed Catalan: Early deviations.} 8. Ne5 Nfd7 9. Be3 $1 {[%emt 0:03:56][%mdl 4] now scores much better than the old 9.Nxd7.} b6 10. f4 Nxe5 11. dxe5 Nd7 {[%emt 0:00:44] [#]} 12. cxd5 $146 ({Predecessor:} 12. Rc1 Ba6 13. cxd5 cxd5 14. Bd4 Rc8 15. Rf2 Nc5 16. f5 exf5 17. Nxd5 Bb7 18. Nxe7+ Qxe7 19. Bxc5 bxc5 {½-½ Navara,D (2688)-Bluebaum,M (2670) POL-chT Ekstraliga 2023 (1.3)}) 12... exd5 (12... cxd5 $11 13. Qd2 Bb7) 13. Qc2 $14 Bc5 14. Bxc5 Nxc5 15. Rfd1 (15. Rad1 $14 {feels stronger.}) 15... Kh8 (15... Bg4 $11 {is superior.}) 16. Na4 Nxa4 17. Qxa4 Bd7 18. Qd4 Bg4 19. Rac1 Rc8 20. Rd2 Be6 21. Qf2 $1 f5 22. exf6 Rxf6 23. e4 Bg8 (23... Rf8 $16 24. Rcd1 Qc7) 24. Bh3 ({White should try} 24. e5 $18 Rh6 25. f5) 24... Rb8 25. e5 Rh6 26. Bg2 {[%emt 0:00:25] White is much more active.} Qe7 27. Re1 Re6 28. Bh3 Rh6 29. Bg2 (29. Bg4 $16) 29... Re6 $1 $18 30. Rde2 g6 31. g4 Rf8 32. Rf1 ({Much worse is} 32. Qxb6 $6 Rxf4 33. Qxa5 Rxg4 $11) (32. f5 {is interesting.} Qg5 33. f6 Qxg4 34. a3) 32... Qb4 33. a3 Qc4 34. Qe3 Re7 35. b3 Qb5 36. Rd2 (36. Rc2 $5 Be6 37. a4 $14) 36... Be6 {[%emt 0:03:19] [#]} (36... Qc5 $1 $11 {remains equal.} 37. Rd4 Qxa3) 37. f5 gxf5 $11 {[%emt 0:01:26] The position is equal.} 38. gxf5 Rxf5 39. Rxf5 Bxf5 40. Rf2 Bg6 {[%emt 0:00:00] Threatens to win with ...Qc5.} (40... Qd3 $2 41. Qf4 $18) 41. Qg5 $36 {[%emt 0:28:48][%mdl 2048] Black is under pressure.} Qc5 {[%emt 0:17:53] White must now prevent ...Rf7.} 42. Qf6+ Rg7 43. Qd8+ $1 Rg8 44. Qf6+ Rg7 {[%emt 0:00:02] Hoping for ...h5.} 45. Qd8+ $1 Rg8 46. Qf6+ Rg7 {[%emt 0:00:02] Black escapes into a draw.   Weighted Error Value: White=0.15 (very precise) /Black=0.13 (very precise)} 1/2-1/2

[Event "98th Argentine Championship 2023"]
[Site "Buenos Aires"]
[Date "2023.11.07"]
[Round "10.2"]
[White "Peralta, Fernando"]
[Black "Valerga, Diego"]
[Result "1-0"]
[ECO "E48"]
[WhiteElo "2580"]
[BlackElo "2428"]
[Annotator "TA"]
[PlyCount "77"]
[EventDate "2023.10.27"]
[EventType "tourn"]
[EventCountry "ARG"]
[SourceTitle "playchess.com"]
[Source "ChessBase"]
[SourceQuality "1"]
[TimeControl "40/5400+30:1800+30"]

1. d4 Nf6 2. c4 e6 3. Nc3 Bb4 4. e3 O-O 5. Bd3 d5 6. cxd5 exd5 7. Nge2 c5 8. O-O Nc6 9. f3 {[%emt 0:01:11] E48: Nimzo-Indian: Rubinstein: 5 Bd3 d5 including 6 Ne2, but excluding 6 a3.} Re8 10. Kh1 (10. a3 $5 Bxc3 11. bxc3 $11) 10... h6 11. Rg1 {[%emt 0:05:31] [#] The position is equal.} h5 $146 (11... Bd7 {keeps more tension.} 12. g4 Rc8 13. g5 hxg5 14. Rxg5 Ne4) ({Predecessor:} 11... cxd4 12. exd4 Be6 13. g4 Qd7 14. Qe1 Nh7 15. Qg3 Bd6 16. Qg2 f6 17. f4 Rad8 {1-0 McShane,L (2685)-Georgiadis,N (2482) World op 43rd 2015 (9)}) 12. a3 cxd4 (12... Bxc3 $5 13. bxc3 Bd7 $11) 13. exd4 ({Much worse is} 13. Nxd4 Bc5 $11) 13... Bd6 14. g3 (14. Rf1 $14) 14... Be6 15. Bf4 Rc8 16. Qd2 Be7 17. Rae1 Nd7 18. Be3 Bf6 19. Bb1 (19. g4 $14) 19... Nf8 (19... Nb6 $11 {remains equal.}) 20. Nf4 $16 g6 21. Ba2 {[%emt 0:01:36] White is more active.} Ne7 {[%emt 0:01:21] [#]} 22. Re2 (22. g4 $1 $16 ) 22... Qd7 23. Rge1 Red8 24. Qd1 Qd6 25. Bf2 Rd7 26. Nd3 Nf5 27. Nc5 Re7 $2 {[%emt 0:01:58] [#] A mistake that costs the game.} (27... Bxd4 $16 28. Nxd7 (28. Bxd4 Rxc5 29. Bxc5 Qxc5 $16) 28... Bxc3) 28. N3e4 $1 $18 dxe4 29. Nxe4 Bxa2 $2 (29... Bd5 {was necessary.}) 30. Nxd6 {[%emt 0:00:07] White is clearly winning.} Rxe2 31. Rxe2 Nxd6 32. b3 {[%emt 0:00:07] Against Bc4} Bg5 33. f4 ({And not} 33. Rxa2 Rc1 $11) 33... Bxb3 34. Qxb3 Bf6 35. Qb4 Rd8 36. d5 b6 37. Bd4 Bxd4 38. Qxd4 {[%emt 0:00:04] Hoping for Qf6.} Nd7 {[%emt 0:00:06] Prevents Qf6.} 39. Qa4 {[%emt 0:02:56] Weighted Error Value: White=0.13 (very precise) /Black=0.30} 1-0

[Event "98th Argentine Championship 2023"]
[Site "Buenos Aires"]
[Date "2023.11.07"]
[Round "10.3"]
[White "Tristan, Leonardo"]
[Black "Krysa, Leandro"]
[Result "1/2-1/2"]
[ECO "D02"]
[WhiteElo "2523"]
[BlackElo "2546"]
[Annotator "TA"]
[PlyCount "54"]
[EventDate "2023.10.27"]
[EventType "tourn"]
[EventCountry "ARG"]
[SourceTitle "playchess.com"]
[Source "ChessBase"]
[SourceQuality "1"]
[TimeControl "40/5400+30:1800+30"]

1. d4 d5 2. Nf3 Nf6 3. c3 c5 4. dxc5 e6 5. b4 a5 $1 6. e3 {[%emt 0:00:18] D02: 1 d4 d5 2 Nf3 sidelines, including 2...Nf6 3 g3 and 2...Nf6 3 Bf4.} axb4 7. cxb4 b6 $1 8. a4 {[%emt 0:00:31] Black has an edge.} bxc5 9. b5 Bd6 10. Be2 Bb7 11. Bb2 Nbd7 12. Nbd2 Bc7 13. O-O O-O $1 14. Qc2 h6 15. Rfd1 Re8 {[%emt 0:02:07] [#]} 16. h3 $146 ({Predecessor:} 16. Ne1 c4 17. Bf3 Qb8 18. g3 Ba5 19. Bc3 Nc5 20. Nb1 Nfd7 21. Qb2 f6 22. Bxa5 Rxa5 {0-1 Xie,B (2119)-Ruiz Castillo,J (2454) Richardson DCC 04 2022 (7)}) 16... Qe7 17. Nh2 Red8 (17... c4 {is more complex.} 18. Ng4 Nxg4 19. Bxg4 Rec8) 18. Nhf1 (18. Ng4 $11 {keeps the balance.}) 18... Ra7 (18... Rdc8 $17) 19. Ra2 (19. e4 $5) 19... Rda8 20. Rda1 Bb6 21. Bc3 Qd8 22. Qb2 c4 23. Bd4 Ra5 (23... Nc5 $5 24. a5 Rxa5 25. Rxa5 Bxa5 26. Bxc5 c3 $15) 24. Bc3 R5a7 25. Bd4 Ra5 (25... Nc5 $5 26. a5 Rxa5 27. Rxa5 Bxa5 $15) 26. Bc3 R5a7 (26... Nc5 $11 27. Bxa5 Bxa5) 27. Bd4 $15 Ra5 {[%emt 0:02:08] Weighted Error Value: White=0.09 (flawless) /Black=0.15 (very precise)} ({Black should play} 27... Nc5 $15 28. Bd1 Nd3 29. Bxb6 Qxb6) 1/2-1/2

[Event "98th Argentine Championship 2023"]
[Site "Buenos Aires"]
[Date "2023.11.07"]
[Round "11.2"]
[White "Krysa, Leandro"]
[Black "Peralta, Fernando"]
[Result "1/2-1/2"]
[ECO "E06"]
[WhiteElo "2546"]
[BlackElo "2580"]
[Annotator "TA"]
[PlyCount "77"]
[EventDate "2023.10.27"]
[EventType "tourn"]
[EventCountry "ARG"]
[SourceTitle "playchess.com"]
[Source "ChessBase"]
[SourceQuality "1"]
[TimeControl "40/5400+30:1800+30"]

1. g3 d5 2. Nf3 Nf6 3. Bg2 e6 4. O-O Be7 5. c4 O-O 6. d4 c6 7. Nc3 a5 $1 {[%emt 0:00:40][%mdl 4] outshines the older 7...Nbd7. E06: Closed Catalan: Early deviations.} 8. Re1 Ne4 {[%emt 0:02:26] [#]} 9. Bf4 $146 ({Predecessor:} 9. e3 f5 10. Qc2 Nd7 11. Ne2 g5 12. b3 a4 13. Rb1 Bd6 14. Nd2 Ndf6 15. f3 Nxd2 16. Bxd2 axb3 17. axb3 {½-½ Livaic,L (2565)-Banusz,T (2622) CRO-chT1A 30th 2022 (8.1)}) 9... f5 {[%emt 0:14:51] White has an edge.} 10. Nxe4 dxe4 11. Ne5 g5 12. Be3 c5 13. Qd2 cxd4 14. Bxd4 ({Reject} 14. Qxd4 Qc7 15. f4 Ra6 $15) 14... Bb4 15. Qe3 Bxe1 16. Rxe1 Ra6 17. c5 (17. f3 $11) 17... Nc6 $15 18. Nxc6 Rxc6 ({Of course not} 18... bxc6 19. Be5 $11) 19. f3 Qe7 {[%emt 0:05:34] White must now prevent ...e5.} 20. fxe4 f4 21. gxf4 gxf4 22. Qb3 Rf7 {[%emt 0:02:07] ...e5 is the strong threat.} 23. e5 $1 {[%emt 0:05:06] [#]} Rxc5 (23... Rc7 $1 $17) 24. Bxc5 $11 {[%emt 0:02:27] The position is equal.} Qxc5+ 25. Kh1 Qxe5 26. Bf3 b5 27. Qd3 (27. Qd1 $5 Bd7 28. Rg1+ Kh8 29. Qe1 $11) 27... Bd7 (27... Qxb2 $2 28. Rg1+ $18) 28. Rg1+ Kh8 29. b3 (29. Qd2 $5 ) 29... Rg7 (29... Qc5 {is more complex.} 30. Qe4 Qc7 31. Rg5 Re7) 30. Rxg7 Qxg7 {[%emt 0:00:08][%mdl 4096] Endgame KQB-KQB} 31. Qd2 Qa1+ 32. Kg2 Qg7+ 33. Kf2 e5 34. Qd6 {[%emt 0:01:42][%mdl 1024] [#] And now Qb8+ would win. White has compensation.} h5 $1 35. Be4 {[%emt 0:01:25] Qb8+ would be deadly.} Kg8 36. Bd5+ Kh7 37. Be4+ Kg8 38. Bd5+ Kh7 39. Be4+ {[%emt 0:00:26] Weighted Error Value: White=0.08 (flawless) /Black=0.06 (flawless)} 1/2-1/2